 Dungeon Crawl Stone Soup version 0.28.0-53-g5a82cb258f (webtiles) character file.

Game seed: 12542993121155710003

180 NotreDorf the Poker (level 5, 0/43 HPs)
             Began as a Merfolk Berserker on Aug 20, 2022.
             Was a Believer of Trog.
             Slain by an iguana (9 damage)
             ... on level 3 of the Dungeon.
             The game lasted 00:06:44 (3742 turns).

NotreDorf the Poker (Merfolk Berserker)             Turns: 3742, Time: 00:06:45

Health: 0/43       AC:  6    Str: 19    XL:     5   Next: 60%
Magic:  5/5        EV: 13    Int:  6    God:    Trog [**....]
Gold:   138        SH:  0    Dex: 14    Spells: 4/4 levels left

rFire   . . .      SeeInvis .   a - +0 spear
rCold   . . .      Faith    .   (no shield)
rNeg    . . .      Spirit   .   g - +2 leather armour {Will+}
rPois   .          Reflect  .   (no helmet)
rElec   .          Harm     .   h - +0 cloak
rCorr   .          Rampage  .   (no gloves)
Will    +....                   (no boots)
Stlth   +.........              (no amulet)
HPRegen 0.14/turn               (no ring)
MPRegen 0.09/turn               (no ring)

@: no status effects
A: (nimble swimmer 2), mertail
a: Renounce Religion, Berserk, Trog's Hand


You were on level 3 of the Dungeon.
You worshipped Trog.
Trog was pleased with you.
You visited 1 branch of the dungeon, and saw 3 of its levels.

You collected 138 gold pieces.

Inventory:

Hand Weapons
 a - a +0 spear (weapon)
Missiles
 b - 8 poisoned darts (quivered)
Armour
 g - a +2 leather armour of willpower (worn)
 h - a +0 cloak (worn)
 l - the +2 robe of Dyspraxia {Harm +Inv rCorr}
   (You found it on level 3 of the Dungeon)

   +Inv:      It lets you turn invisible.
   rCorr:     It protects you from acid and corrosion.
   Harm:      It increases damage dealt and taken.
Scrolls
 e - 4 scrolls of identify {unknown}
 f - 3 scrolls of noise {unknown}
 i - a scroll of vulnerability {unknown}
 k - a scroll of fear {unknown}
 m - 2 scrolls of teleportation {unknown}
Potions
 c - 2 potions of curing {unknown}
 d - a potion of heal wounds {unknown}
 j - a potion of lignification {unknown}


   Skills:
 + Level 4.7 Fighting
 + Level 6.2 Polearms
 - Level 1.3 Armour
 + Level 4.7 Dodging


You had 4 spell levels left.
You didn't know any spells.
Your spell library was empty.

Dungeon Overview and Level Annotations

Branches:
Dungeon (3/15)

Altars:

Shops:
D:1 *

Annotations:
D:3 2 transporters, styxcanada's ghost, weakling SpBr


Innate Abilities, Weirdness & Mutations

((You are very nimble when in or above water. (Stealth+, EV+, Speed+++)))
Your lower body shifts to a powerful aquatic tail in water.


Message History

Trog accepts your kill.
You reach to attack!
You hit the iguana but do no damage. You hit the iguana.
The iguana is moderately wounded.
The iguana barely misses you.
You hit the iguana but do no damage.
The iguana is moderately wounded.
The iguana misses you.
You closely miss the iguana.
The iguana is moderately wounded.
The iguana bites you!
You hit the iguana.
The iguana is moderately wounded.
You completely miss the iguana.
The iguana is moderately wounded.
The iguana bites you.
You hit the iguana.
The iguana is heavily wounded.
The iguana bites you!
You hit the iguana but do no damage.
The iguana is heavily wounded.
The iguana bites you.
You are too injured to fight recklessly!
You are too injured to fight recklessly!
You hit the iguana but do no damage.
The iguana is heavily wounded.
The iguana misses you.
You barely miss the iguana.
The iguana is heavily wounded.
You barely miss the iguana.
The iguana is heavily wounded.
The iguana misses you.
You barely miss the iguana.
The iguana is heavily wounded.
The iguana bites you!
* * * LOW HITPOINT WARNING * * *
You hit the iguana.
The iguana is severely wounded.
The iguana bites you!
You die...

#...#8Ww.....8#...
#...##gb.....##...
#....#########....
#................#
#.................
#.#########.#####.
#.# #.# #. #.###
#.# #. #@..# #.#
#. #l....... ..#
#. #...##### ###
#. #..## #. #..#
#. #..# #. #..#
##########. #...
...........
#####....


You could see an iguana.

Vanquished Creatures
  5 gnolls (D:3)
  4 adders
  3 dart slugs (D:2)
  4 orcs (D:3)
  9 ball pythons
  7 bats
  2 endoplasms
  3 giant cockroaches (D:1)
  9 hobgoblins
  6 jackals (D:2)
  4 quokkas
  A frilled lizard (D:2)
  4 goblins
  5 kobolds
  3 rats
69 creatures vanquished.

Vanquished Creatures (others)
  An orc wizard (D:3)
  16 plants (D:3)
17 creatures vanquished.

Grand Total: 86 creatures vanquished

Notes
Turn   | Place    | Note
-------+----------+-------------------------------------------
     0 | D:1      | NotreDorf the Merfolk Berserker began the quest for the
                  | Orb.
     0 | D:1      | Reached XP level 1. HP: 18/18 MP: 1/1
   328 | D:1      | Reached XP level 2. HP: 22/24 MP: 2/2
   449 | D:1      | Found a faded altar of an unknown god.
   770 | D:1      | Found Unkadot's Assorted Antiques.
  1272 | D:2      | Reached XP level 3. HP: 30/30 MP: 3/3
  1283 | D:2      | Reached skill level 5 in Polearms
  1362 | D:2      | Reached ** piety under Trog
  1758 | D:2      | Reached XP level 4. HP: 34/37 MP: 4/4
  2993 | D:3      | Reached XP level 5. HP: 37/43 MP: 5/5
  3091 | D:3      | Noticed styxcanada's ghost (weakling SpBr)
  3092 | D:3      | Found a transporter.
  3092 | D:3      | Found a transporter.
  3202 | D:3      | Identified the +2 robe of Dyspraxia {Harm +Inv rCorr}
  3483 | D:3      | Reached skill level 6 in Polearms
  3742 | D:3      | Slain by an iguana

Illustrated notes

Levels and vault maps discovered:
D:1:      erik_arrival_blinker_ship, layout_loops_corners, serial_shops,
          nicolae_shop_hallway_plus, shapermc_ecumenical_altar_hornbeckon,
          st_stairs_3
D:2:      layout_basic
D:3:      wad_crossroads, layout_loops_ring, gammafunk_ghost_arena,
          nicolae_grassy_gnolls

Skill      XL: |  1  2  3  4  5 |
---------------+----------------+-----
Dodging        | 3 4 |  4.7
Polearms       | 5 6 |  6.2
Fighting       | 4 |  4.7
Armour         | |  1.3

Action                   |  1- 3 |  4- 6 || total
-------------------------+-------+-------++-------
Melee: Spear             |   138 |   159 ||   297
       Punch             |       |     1 ||     1
 Stab: Sleeping          |     5 |       ||     5
Armor: Animal skin       |     5 |       ||     5
       Leather armour    |    15 |    21 ||    36
Dodge: Dodged            |    66 |    66 ||   132
